 Dungeon Crawl Stone Soup version 0.22.0 (webtiles) character file.

16272 Blackhawk the Blocker (level 12, -9/99 HPs)
             Began as a Formicid Fighter on Oct 24, 2018.
             Was an Elder of Makhleb.
             Mangled by a catoblepas (11 damage)
             ... on level 13 of the Dungeon.
             The game lasted 01:00:14 (13038 turns).

Blackhawk the Blocker (Formicid Fighter)           Turns: 13038, Time: 01:00:15

Health: -9/99      AC: 14    Str: 27    XL:     12   Next: 68%
Magic:  17/17      EV:  2    Int:  8    God:    Makhleb [****..]
Gold:   783        SH:  0    Dex: 12    Spells: 11/11 levels left

rFire    . . .     SeeInvis +   O - +2 dire flail (crush)
rCold    . . .     Gourm    .   c - +0 shield
rNeg     + + +     Faith    +   D - +5 leather armour of the Lily {MR+}
rPois    ∞         Spirit   .   (helmet unavailable)
rElec    .         Reflect  .   z - +0 cloak
rCorr    .         Harm     .   g - +0 pair of gloves (curse)
MR       ++...                  x - +1 pair of boots
Stlth    +.........             u - amulet of faith
HPRegen  0.26/turn              e - +3 ring of strength
MPRegen  0.15/turn              L - ring of wizardry

@: petrified
A: permanent stasis, dig shafts and tunnels, four strong arms, antennae 3
a: Dig, Shaft Self, Minor Destruction, Lesser Servant of Makhleb, Major
Destruction, Renounce Religion


You were on level 13 of the Dungeon.
You worshipped Makhleb.
Makhleb was greatly pleased with you.
You were very hungry.

You visited 2 branches of the dungeon, and saw 14 of its levels.

You collected 783 gold pieces.

Inventory:

Hand Weapons
 j - a +0 mace of protection
 t - a +0 hunting sling
 A - a +1 scimitar of flaming
 H - a +2 flail of protection
 O - a +2 dire flail of crushing (weapon)
Missiles
 k - 336 stones (quivered)
 n - 124 sling bullets
Armour
 c - a +0 shield (worn)
 g - a cursed +0 pair of gloves (worn)
 x - a +1 pair of boots (worn)
 z - a +0 cloak (worn)
 D - the +5 leather armour of the Lily (worn) {MR+}
   (You found it on level 5 of the Dungeon)

   It affects your resistance to hostile enchantments.
 N - a +0 troll leather armour
Magical Staves
 a - an uncursed staff of cold
Jewellery
 e - a +3 ring of strength (left hand)
 u - an amulet of faith (around neck)
 L - a ring of wizardry (right hand)
Wands
 b - a wand of acid (18)
 y - a wand of digging (8)
 E - a wand of enslavement (39)
 G - a wand of flame (12)
 I - a wand of iceblast (5)
Scrolls
 i - 6 scrolls of remove curse
 o - 2 scrolls of enchant armour
 q - a scroll of enchant weapon {unknown}
 r - a scroll of magic mapping
 v - a scroll of fear
 J - a scroll of amnesia {unknown}
 K - a scroll of fog
 M - 2 scrolls of blinking {unknown}
Potions
 d - 2 potions of might
 h - a potion of brilliance
 l - a potion of ambrosia
 m - 3 potions of lignification
 p - a potion of flight {unknown}
 s - 2 potions of agility
 w - 4 potions of curing
 B - 2 potions of degeneration
 C - a potion of invisibility
 F - a potion of mutation
Comestibles
 f - 19 rations
 P - a chunk of flesh


   Skills:
 + Level 10.7 Fighting
 + Level 6.3 Long Blades
 - Level 7.0 Maces & Flails
 + Level 10.6 Armour
 + Level 3.0 Dodging
 + Level 11.5 Shields
 - Level 7.3 Invocations


You had 11 spell levels left.
You didn't know any spells.
Your spell library contained the following spells:

 Spells                   Type           Power        Failure   Level  Hunger
 Cause Fear               Hex            #.........   86%         4    #####..
 Slow                     Hex            #.......     28%         2    ###....
 Corona                   Hex            #......      19%         1    ##.....
 Portal Projectile        Hex/Tloc       #.....       47%         3    ####...
 Leda's Liquefaction      Hex/Erth       #.........   86%         4    #####..
 Inner Flame              Hex/Fire       #.......     47%         3    ####...


Dungeon Overview and Level Annotations

Branches:
Dungeon (14/15)            Temple (1/1) D:6            Lair (0/6) D:9
    Orc (0/2) D:11
 Vaults: D:13-14

Altars:
Ashenzari
Cheibriados
Dithmenos
Gozag
Hepliaklqana
Kikubaaqudgha
Makhleb
Okawaru
Qazlal
Ru
Sif Muna
Uskayaw
Wu Jian
Xom
Yredelemnul
Zin
The Shining One

Shops:
D:7 !   D:11 (

Annotations:
D:10 1 runed door, zentaur's ghost, novice MiFi


Innate Abilities, Weirdness & Mutations

You cannot be hasted, slowed, berserked, paralysed or teleported.
You can dig through walls and to a lower floor.
Your four strong arms can wield two-handed weapons with a shield.
You have a pair of large antennae on your head. (SInv)


Message History

The catoblepas breathes a plume of calcifying dust at you.
The blast of calcifying dust hits you!
You are engulfed in calcifying dust.
The catoblepas breathes a plume of calcifying dust at you.
The blast of calcifying dust hits you!
* * * LOW HITPOINT WARNING * * *
You turn to flesh and can move again.
Unknown command.
Are you sure you want to shaft yourself?
You feel somewhat more hungry.
You are engulfed in calcifying dust.
You are slowing down.
The catoblepas barely misses you.
You begin to dig a shaft.
You continue digging a shaft.
You are engulfed in calcifying dust.
Your limbs have turned to stone.
The catoblepas breathes a plume of calcifying dust at you.
The blast of calcifying dust hits you!
* * * LOW HITPOINT WARNING * * *
You have turned to stone.
You are engulfed in calcifying dust.
The catoblepas gores you!!
You die...

#######
##.#
#.(...#
#..##
###.....#
#.#.#
#.#(....#
##)###
##>.....#
##..#
#..##.###
#..##
#.###.##
#.##
##..#
#..# #§#
###...#
##.# #@#
...$.####
#.## #Y#
...Y....#
#..###.#
.....#
##.Y...#
.>c..#{{{
###..##
§§...#{{{
###..##
§§...#
#.....#
§......
#.....#
......##
#.....#


You could see a catoblepas.

Vanquished Creatures
  A centaur warrior (D:14)
  A death knight (D:11)
  2 two-headed ogres
  Erica (D:8)
  A skeletal warrior (D:11)
  An unseen horror (D:14)
  A manticore (D:14)
  2 cyclopes (D:14)
  An ugly thing (D:13)
  2 gargoyles
  A centaur skeleton (D:14)
  Joseph (D:8)
  A freezing wraith (D:11)
  3 trolls
  Prince Ribbit (D:8)
  2 slime creatures (D:14)
  2 shadows (D:14)
  A hippogriff (D:8)
  A spriggan (D:7)
  A wyvern (D:9)
  A hungry ghost (D:9)
  Edmund (D:6)
  2 soldier ants
  3 porcupines (D:9)
  A necrophage (D:10)
  3 sky beasts
  A black bear (D:9)
  4 orc warriors
  2 ice beasts (D:10)
  A phantom (D:7)
  4 ogres
  A boggart (D:9)
  An eye of draining (D:14)
  10 centaurs
  3 crocodiles
  2 big kobolds (D:9)
  11 bullfrogs
  A gnoll sergeant (D:10)
  6 scorpions
  8 killer bees
  A vampire bat (D:10)
  6 wights
  2 howler monkeys (D:7)
  2 crimson imps (D:6)
  3 quasits
  2 centaur zombies
  An orc priest (D:7)
  6 hounds
  4 jellies
  5 orc wizards
  2 bullfrog skeletons
  3 iguanas
  4 worker ants
  A hound zombie (D:9)
  2 hound skeletons
  11 gnolls
  A worker ant zombie (D:9)
  9 adders
  2 shadow imps
  An ooze (D:3)
  2 adder skeletons
  4 worms
  5 dart slugs
  6 leopard geckos
  32 orcs
  14 bats
  9 giant cockroaches
  11 goblins
  7 hobgoblins
  7 jackals
  4 quokkas
  3 ball pythons
  3 frilled lizards
  6 kobolds
  A leopard gecko zombie (D:5)
  10 rats
285 creatures vanquished.

Vanquished Creatures (collateral kills)
  4 wights (D:14)
4 creatures vanquished.

Vanquished Creatures (others)
  4 bushes (D:14)
  35 fungi
  5 plants (D:9)
44 creatures vanquished.

Grand Total: 333 creatures vanquished

Notes
Turn   | Place    | Note
-------+----------+-------------------------------------------
     0 | D:1      | Blackhawk the Formicid Fighter began the quest for the Orb.
     0 | D:1      | Reached XP level 1. HP: 18/18 MP: 1/1
   274 | D:1      | Reached XP level 2. HP: 24/24 MP: 2/2
   852 | D:2      | Reached skill level 4 in Shields
   852 | D:2      | Reached XP level 3. HP: 29/29 MP: 3/3
  1121 | D:2      | Reached XP level 4. HP: 14/37 MP: 4/4
  1802 | D:3      | Reached XP level 5. HP: 35/42 MP: 5/5
  1887 | D:3      | Found a shimmering altar of Xom.
  2343 | D:4      | Reached XP level 6. HP: 44/49 MP: 6/6
  2420 | D:4      | Reached skill level 5 in Shields
  2686 | D:4      | Noticed an ogre
  2694 | D:4      | Killed an ogre
  2695 | D:4      | Found a glowing golden altar of the Shining One.
  3145 | D:5      | Entered Level 5 of the Dungeon
  3191 | D:5      | Reached XP level 7. HP: 39/55 MP: 7/7
  3396 | D:5      | Reached skill level 5 in Fighting
  3425 | D:5      | Got an ancient leather armour
  3464 | D:5      | Reached skill level 5 in Armour
  3757 | D:5      | Found an iron altar of Okawaru.
  3764 | D:5      | Found a glowing golden altar of the Shining One.
  3779 | D:5      | Found a hazy altar of Hepliaklqana.
  4148 | D:6      | Found a staircase to the Ecumenical Temple.
  4175 | Temple   | Entered the Ecumenical Temple
  4183 | Temple   | Became a worshipper of Makhleb the Destroyer
  4234 | D:6      | Reached skill level 6 in Shields
  4234 | D:6      | Reached XP level 8. HP: 50/63 MP: 8/8
  4279 | D:6      | Noticed Edmund
  4316 | D:6      | Killed Edmund
  4347 | D:6      | Identified the +5 leather armour of the Lily {MR+} (You found it on level 5 of the Dungeon)
  4554 | D:6      | Reached skill level 5 in Maces & Flails
  4663 | D:6      | Found a basalt altar of Yredelemnul.
  4844 | D:6      | Reached skill level 7 in Shields
  5307 | D:7      | Reached XP level 9. HP: 47/71 MP: 9/9
  5411 | D:7      | Reached * piety under Makhleb
  5553 | D:7      | Found Gofusch's Distillery.
  5634 | D:7      | Noticed a hand axe
  5634 | D:7      | Noticed a hand axe
  5635 | D:7      | Found a hide-covered altar of Uskayaw.
  6315 | D:8      | Reached skill level 8 in Shields
  6331 | D:8      | Noticed a hippogriff
  6346 | D:8      | Killed a hippogriff
  6346 | D:8      | Reached skill level 1 in Invocations
  6376 | D:8      | Noticed Prince Ribbit
  6400 | D:8      | Killed Prince Ribbit
  6662 | D:8      | Noticed Joseph
  6684 | D:8      | Killed Joseph
  6684 | D:8      | Reached XP level 10. HP: 52/80 MP: 1/11
  6784 | D:8      | Noticed Erica
  6804 | D:8      | Killed Erica
  6935 | D:8      | Reached skill level 9 in Shields
  7448 | D:9      | Reached skill level 1 in Long Blades
  7464 | D:9      | Reached ** piety under Makhleb
  7490 | D:9      | HP: 2/82 [troll (11)]
  7794 | D:9      | Reached skill level 5 in Invocations
  8024 | D:9      | Reached XP level 11. HP: 87/87 MP: 14/14
  8055 | D:9      | Found a staircase to the Lair.
  8114 | D:9      | Found an opulent altar of Gozag.
  8369 | D:9      | Found a deep blue altar of Sif Muna.
  8640 | D:10     | Entered Level 10 of the Dungeon
  8939 | D:10     | Reached skill level 10 in Shields
  9107 | D:10     | Reached *** piety under Makhleb
  9352 | D:10     | Found a runed door.
  9865 | D:10     | Noticed zentaur's ghost (novice MiFi)
 10050 | D:11     | Found Matuib's Weapon Boutique.
 10050 | D:11     | Found a staircase to the Orcish Mines.
 10085 | D:11     | Noticed a two-headed ogre
 10098 | D:11     | Killed a two-headed ogre
 10325 | D:11     | Noticed a death knight
 10325 | D:11     | Noticed a skeletal warrior
 10362 | D:11     | Killed a skeletal warrior
 10366 | D:11     | Noticed a skeletal warrior
 10373 | D:11     | Killed a death knight
 10390 | D:11     | Reached **** piety under Makhleb
 10409 | D:11     | You fall through a shaft for 3 floors!
 10966 | D:14     | Reached skill level 10 in Fighting
 10966 | D:14     | Reached skill level 5 in Long Blades
 11190 | D:14     | Reached skill level 10 in Armour
 11190 | D:14     | Reached XP level 12. HP: 97/97 MP: 17/17
 11347 | D:14     | Noticed an unseen horror
 11361 | D:14     | Reached skill level 1 in Dodging
 11361 | D:14     | Reached skill level 11 in Shields
 11370 | D:14     | Killed an unseen horror
 11677 | D:14     | Noticed a centaur warrior
 11689 | D:14     | Noticed a two-headed ogre
 11692 | D:14     | Killed a centaur warrior
 11703 | D:14     | Killed a two-headed ogre
 12051 | D:13     | Noticed a catoblepas
 12066 | D:13     | Noticed a centaur warrior
 13037 | D:13     | HP: 1/99 [catoblepas/blast of calcifying dust (5)]
 13038 | D:13     | Mangled by a catoblepas

Skill      XL: |  1  2  3  4  5  6  7  8  9 10 11 12 |
---------------+-------------------------------------+-----
Shields        | 4 5 6 7 8 9 10 11 | 11.5
Fighting       | 4 5 6 7 8 10 | 10.7
Armour         | 4 5 6 7 8 10 | 10.6
Maces & Flails | 3 4 5 6 7 |  7.0
Invocations    | 2 5 7 |  7.3
Long Blades    | 2 5 6 |  6.3
Dodging        | 3 |  3.0

Action                   |  1- 3 |  4- 6 |  7- 9 | 10-12 || total
-------------------------+-------+-------+-------+-------++-------
Melee: Flail             |   122 |    27 |   108 |   421 ||   678
       Mace              |       |   201 |    87 |       ||   288
       War axe           |       |       |    93 |    17 ||   110
       Scimitar          |       |       |       |   114 ||   114
       Dire flail        |       |       |       |   142 ||   142
Invok: Lesser Servant of |       |       |       |     2 ||     2
 Abil: Dig               |       |     1 |     5 |    13 ||    19
       Shaft Self        |       |       |       |     2 ||     2
  Use: Scroll            |       |       |    17 |     2 ||    19
       Potion            |       |       |       |     2 ||     2
  Eat: Chunk             |     1 |     6 |    13 |    20 ||    40
       Ration            |       |       |       |     1 ||     1
Armor: Scale mail        |    49 |   125 |    28 |       ||   202
       Leather armour    |       |       |    52 |   262 ||   314
Dodge: Dodged            |    50 |    91 |    91 |   257 ||   489
Block: Shield            |    75 |   146 |   144 |   481 ||   846
       Rpst.: Scimitar   |       |       |       |    11 ||    11
